 Dungeon Crawl Stone Soup version 0.14-a0-2644-gcc8e764 (webtiles) character file.

5939 4tharraofdagon the Cruncher (level 10, -13/86 HPs)
             Began as a Centaur Gladiator on Feb 16, 2014.
             Was a Believer of the Shining One.
             Hit by a large rock thrown by a cyclops (28 damage)
             ... on Level 14 of the Dungeon.
             The game lasted 00:31:06 (5680 turns).

4tharraofdagon the Cruncher (Centaur Gladiator)     Turns: 5680, Time: 00:31:06

HP -13/86        AC 11     Str 22      XL: 10   Next: 50%
MP  19/19        EV  7     Int  7      God: the Shining One [**....]
Gold 143         SH  0     Dex  9      Spells:  2 memorised, 13 levels left

rFire  . . .     SeeInvis .     e - scroll of amnesia {unknown}
rCold  . . .     Clarity  .     g - +0 scale mail
rNeg   + + .     Conserve .     (no shield)
rPois  .         rCorr    .     t - +2 helmet
rElec  .         rRot     .     D - +0 cloak (curse)
SustAb . .       Spirit   .     (no gloves)
rMut   .         Warding  +     (no barding)
Saprov . . .     Stasis   .     u - amulet of warding
MR     .....                    (no ring)
                                o - ring of wizardry

@: glowing, very quick, not resistant to hostile enchantments, extremely
unstealthy
A: hooves 3, deformed body, herbivore 1, speed 2, fast metabolism 1, tough skin
3
a: Divine Shield, Renounce Religion


You were on level 14 of the Dungeon.
You worshipped the Shining One.
The Shining One was pleased with you.
You were not hungry.

You visited 1 branch of the dungeon, and saw 14 of its levels.
You also visited: Sewer.

You collected 251 gold pieces.
You spent 108 gold pieces at shops.

Inventory:

Hand weapons
 a - a +0,+1 quarterstaff
 w - a +0 blowgun
 M - a +1,+1 quarterstaff of speed
Missiles
 i - 4 javelins (quivered)
 n - a throwing net [frayed]
 x - a poisoned needle
Armour
 b - a +0 leather armour
 c - a +0 helmet
 g - a +0 scale mail (worn)
 h - a +0 ring mail
 t - a +2 helmet (worn)
 y - the -4 scale mail "Crem" {rN+ Str+3}
   (You found it on level 4 of the Dungeon)

   It affects your strength (+3).
   It protects you from negative energy.
 D - a cursed +0 cloak (worn)
 S - a +1 cloak
 U - a +0 large shield
Magical devices
 p - a wand of draining (2)
 A - a wand of frost (0)
 C - a wand of magic darts (18)
 L - a wand of magic darts (0)
 N - a wand of confusion (1)
Comestibles
 d - a royal jelly
 f - 7 bread rations
Scrolls
 e - a scroll of amnesia (in hand) {unknown}
 j - 2 scrolls of noise {unknown}
 k - 3 scrolls of enchant weapon II
 r - 2 scrolls of enchant armour
 s - a scroll of magic mapping {unknown}
 v - a scroll of immolation {unknown}
 z - a scroll of curse armour {unknown}
 E - 4 scrolls of random uselessness
 F - a scroll of blinking {unknown}
 G - 2 scrolls of remove curse {unknown}
Jewellery
 o - a ring of wizardry (left hand)
 u - an amulet of warding (around neck)
 R - an uncursed ring of fire
Potions
 l - a potion of invisibility
 m - a potion of poison
 q - a potion of speed
 B - a potion of porridge
 I - a potion of degeneration
 J - a potion of paralysis
 K - a potion of heal wounds
 O - a potion of beneficial mutation {unknown}
 P - a potion of might
 Q - a potion of restore abilities {unknown}
 W - a potion of agility {unknown}
Books
 H - a book of War Chants

   Spells                             Type                      Level
   Fire Brand                         Charms/Fire                  2
   Freezing Aura                      Charms/Ice                   2
   *Shroud of Golubria                Charms/Translocation         2
   *Repel Missiles                    Charms/Air                   2
   Poison Weapon                      Charms/Poison                3
   Regeneration                       Charms/Necromancy            3


   Skills:
 + Level 7.1 Fighting
 * Level 9.1 Staves
 - Level 2.6 Throwing
 + Level 5.0 Armour
 - Level 2.1 Dodging
 + Level 4.2 Spellcasting
 - Level 4.0 Charms
   Level 3.9 Invocations


You had 13 spell levels left.
You knew the following spells:

 Your Spells              Type           Power        Failure   Level  Hunger
a - Repel Missiles        Chrm/Air       #.....       19%         2    ###....
b - Shroud of Golubria    Chrm/Tloc      #.........   19%         2    ###....


Dungeon Overview and Level Annotations

Branches:
Dungeon (15/16)            Temple (0/1) D:6
    Orc: D:9-12        Lair: D:8-11      Vaults: D:14-15

Altars:
Elyvilon
Fedhas
Okawaru
Sif Muna
The Shining One

Shops:
D:6 !

Annotations:
D:5 Menkaure


Innate Abilities, Weirdness & Mutations

You have hooves in place of feet.
Armour fits poorly on your strangely shaped body.
You digest meat inefficiently.
You cover ground very quickly.
You have a fast metabolism.
You have extremely tough skin (AC +3).


Message History

You swing at nothing.
You swing at nothing.
You swing at nothing.
You swing at nothing.
You swing at nothing.
You swing at nothing.
You swing at nothing.
You swing at nothing.
You swing at nothing.
You swing at nothing.
You swing at nothing.
You swing at nothing.
You swing at nothing.
You swing at nothing.
You swing at nothing.
You swing at nothing.
The cyclops throws a large rock.
The large rock hits you!
You swing at nothing.
The cyclops throws a large rock.
The large rock hits you!
* * * LOW HITPOINT WARNING * * *
You swing at nothing.
The cyclops throws a large rock.
The large rock hits you!
You die...

#.#C##. ...#### #s# ##########
#.#.##.##... .## #.# .........#
###.#.##...... ..###.# .###.###.#
#...#.##.....# ....#.# .# #.#...#
#.###.##...#.##..# #.# .# #.#.###
#...#.##...#.....#.#.#
.###.#.#######.#.##.....#.....#.#
.#...#.........#.##..>#.#.#####.#
################@##...#.#....<..#
#.###..#.######### #......#.#
#####.##.# #....# ####.# #.# ###


You could see a cyclops.

Vanquished Creatures
  2 centaur warriors (D:14)
  An unseen horror (D:15)
  Maurice (D:8)
  6 slime creatures (D:14)
  A two-headed ogre (D:14)
  A basilisk (D:14)
  3 wyverns
  A mottled dragon (D:14)
  An ice beast (D:6)
  A black bear (D:8)
  Purgy (Sewer)
  2 ogres
  A centaur (D:6)
  A water moccasin (D:4)
  Blork the orc (D:7)
  A yaktaur skeleton (D:14)
  8 killer bees
  4 wights (D:8)
  2 crimson imps
  2 iguanas (D:6)
  5 worker ants
  4 hounds
  A scorpion (D:14)
  A sheep (D:14)
  A sky beast zombie (D:6)
  An orc zombie (D:8)
  6 adders
  A giant centipede (D:5)
  A gnoll skeleton (D:6)
  A giant mite (D:5)
  An inept item mimic (D:7)
  2 worms
  2 giant geckos
  An ooze (D:5)
  4 orcs
  7 bats
  7 goblins
  6 hobgoblins
  3 jackals
  3 quokkas
  A ball python (D:3)
  7 giant cockroaches
  3 giant newts
  A giant spore (D:8)
  A hobgoblin zombie (D:1)
  A jackal skeleton (D:6)
  6 kobolds
  A kobold skeleton (D:8)
  A kobold zombie (D:5)
  8 rats
  A rat skeleton (D:6)
  A ballistomycete (D:8)
131 creatures vanquished.

Vanquished Creatures (others)
  A giant newt skeleton (D:4)
1 creature vanquished.

Grand Total: 132 creatures vanquished

Notes
Turn   | Place    | Note
--------------------------------------------------------------
     0 | D:1      | 4tharraofdagon, the Centaur Gladiator, began the quest for the Orb.
     0 | D:1      | Reached XP level 1. HP: 17/17 MP: 1/1
   161 | D:2      | Reached skill level 3 in Staves
   161 | D:2      | Reached XP level 2. HP: 19/24 MP: 2/2
   342 | D:3      | Reached XP level 3. HP: 19/30 MP: 3/3
   535 | D:4      | Found a blossoming altar of Fedhas.
   580 | D:4      | Reached skill level 1 in Armour
   644 | D:5      | Entered Level 5 of the Dungeon
   644 | D:5      | Noticed an ogre
   655 | D:5      | Killed an ogre
   655 | D:5      | Reached skill level 4 in Staves
   655 | D:5      | Reached XP level 4. HP: 36/38 MP: 3/3
   655 | D:5      | Reached XP level 5. HP: 42/45 MP: 4/4
   658 | D:5      | Found a glowing golden altar of the Shining One.
   673 | D:5      | Noticed a water moccasin
   676 | D:5      | Became a worshipper of the Shining One
   698 | D:4      | Killed a water moccasin
   790 | D:5      | Noticed Menkaure
  1044 | D:4      | Found a white marble altar of Elyvilon.
  1101 | D:4      | Got a faintly humming scale mail
  1125 | D:4      | Identified the cursed -4 scale mail "Crem" {rN+ Str+3} (You found it on level 4 of the Dungeon)
  1631 | D:5      | Noticed an ice beast
  1724 | D:5      | Reached XP level 6. HP: 51/51 MP: 5/5
  1955 | D:5      | Found a glowing drain.
  1973 | Sewer    | Entered a sewer
  2048 | Sewer    | Noticed Purgy
  2255 | Sewer    | Gained mutation: Your spells are a little harder to cast, but a little more powerful. [potion of mutation]
  2255 | Sewer    | Gained mutation: Your magical capacity is low (-10% MP). [potion of mutation]
  2255 | Sewer    | Gained mutation: You are clumsy. (Dex -2) [potion of mutation]
  2265 | Sewer    | Lost mutation: Your spells are a little harder to cast, but a little more powerful. [potion of cure mutation]
  2265 | Sewer    | Lost mutation: Your magical capacity is low (-10% MP). [potion of cure mutation]
  2265 | Sewer    | Lost mutation: You are clumsy. (Dex -2) [potion of cure mutation]
  2277 | Sewer    | Killed Purgy
  2277 | Sewer    | Reached skill level 5 in Staves
  2430 | D:6      | Found a staircase to the Ecumenical Temple.
  2562 | D:6      | Found Kaaz's Distillery.
  2563 | D:6      | Acquired the Shining One's first power
  2565 | D:6      | Bought a potion of degeneration for 24 gold pieces
  2565 | D:6      | Bought a potion of paralysis for 12 gold pieces
  2565 | D:6      | Bought a potion of heal wounds for 36 gold pieces
  2565 | D:6      | Bought a potion of heal wounds for 36 gold pieces
  2644 | D:6      | Reached XP level 7. HP: 45/59 MP: 5/5
  2666 | D:6      | Learned a level 2 spell: Repel Missiles
  2999 | D:7      | Reached skill level 1 in Charms
  3087 | D:7      | Found a deep blue altar of Sif Muna.
  3087 | D:7      | Found an iron altar of Okawaru.
  3128 | D:8      | Reached skill level 1 in Invocations
  3136 | D:8      | Noticed a wyvern
  3151 | D:8      | Killed a wyvern
  3151 | D:8      | Reached skill level 6 in Staves
  3250 | D:7      | Noticed Blork the orc
  3258 | D:7      | Killed Blork the orc
  3277 | D:6      | Reached skill level 1 in Spellcasting
  3277 | D:6      | Reached XP level 8. HP: 36/67 MP: 6/8
  3428 | D:8      | Noticed Maurice
  3466 | D:8      | Killed Maurice
  3466 | D:8      | Reached skill level 5 in Fighting
  3692 | D:10     | Entered Level 10 of the Dungeon
  3745 | D:11     | Noticed a cyclops
  3783 | D:11     | You fall through a shaft!
  3783 | D:14     | Noticed a centaur warrior
  3806 | D:14     | Reached skill level 7 in Staves
  3806 | D:14     | Reached XP level 9. HP: 28/74 MP: 13/13
  3825 | D:14     | Killed a centaur warrior
  3977 | D:15     | Entered Level 15 of the Dungeon
  3991 | D:15     | Noticed a cyclops
  4023 | D:14     | Noticed an octopode
  4257 | D:14     | Noticed a slime creature
  4261 | D:14     | Killed a slime creature
  4267 | D:14     | Noticed a slime creature
  4267 | D:14     | Noticed a slime creature
  4267 | D:14     | Acquired the Shining One's second power
  4267 | D:14     | Noticed a slime creature
  4300 | D:14     | Killed a slime creature
  4341 | D:14     | Killed a slime creature
  4370 | D:14     | Killed a slime creature
  4370 | D:14     | Reached skill level 8 in Staves
  4525 | D:14     | Noticed a slime creature
  4538 | D:14     | Killed a slime creature
  4540 | D:14     | Noticed a slime creature
  4556 | D:14     | HP: 3/75 [slime creature (13)]
  4562 | D:14     | Killed a slime creature
  4578 | D:14     | Learned a level 2 spell: Shroud of Golubria
  4798 | D:14     | Was placed under penance by the Shining One
  4798 | D:14     | Reached XP level 10. HP: 61/84 MP: 17/17
  4952 | D:14     | Noticed a cyclops
  4952 | D:14     | Noticed an octopode
  4952 | D:14     | Was forgiven by the Shining One
  4991 | D:14     | Noticed a two-headed ogre
  5001 | D:14     | Killed a two-headed ogre
  5175 | D:14     | Noticed a centaur warrior
  5188 | D:14     | Killed a centaur warrior
  5415 | D:14     | Noticed an orc knight
  5484 | D:13     | Noticed a centaur warrior
  5497 | D:15     | Noticed an unseen horror
  5509 | D:15     | Killed an unseen horror
  5509 | D:15     | Reached skill level 9 in Staves
  5543 | D:15     | Reached skill level 5 in Armour
  5608 | D:15     | HP: 1/86 [killer bee (8)]
  5680 | D:14     | Hit by a large rock thrown by a cyclops

Action                   |  1- 3 |  4- 6 |  7- 9 | 10-12 || total
-------------------------+-------+-------+-------+-------++-------
Melee: Quarterstaff      |    58 |   126 |   230 |    94 ||   508
Throw: Throwing net      |    10 |     3 |       |       ||    13
       Javelin           |     1 |    11 |    27 |     7 ||    46
Invok: Divine Shield     |       |       |       |     1 ||     1
Evoke: Wand              |       |     6 |     2 |     7 ||    15
  Use: Scroll            |     2 |     6 |     3 |       ||    11
       Potion            |     1 |     5 |     5 |     1 ||    12
 Stab: Held in net/web   |     1 |     1 |       |       ||     2
